 Dungeon Crawl Stone Soup version 0.31-a0-1237-gabc64e778c (webtiles) character file.

Game seed: 16337776525961351937

350 wildpjah the Chopper (level 6, -1/56 HPs)
             Began as a Minotaur Fighter on Dec 16, 2023.
             Slain by an ogre
             ... wielding a +0 giant spiked club
              (21 damage)
             ... on level 4 of the Dungeon.
             The game lasted 00:05:20 (3294 turns).

wildpjah the Chopper (Minotaur Fighter)             Turns: 3294, Time: 00:05:20

Health: -1/56      AC: 11    Str: 22    XL:     6   Next: 33%
Magic:  0/14       EV: 11    Int:  5    God:
Gold:   283        SH:  4    Dex: 10    Spells: 5/5 levels left

rFire   + . .        o - +0 hand axe (freeze)
rCold   + . .        c - +0 buckler
rNeg    . . .        D - +3 leather armour of Raydihom {^Drain rC+ MP+9}
rPois   .            (helmet restricted)
rElec   .            x - scarf {harm}
rCorr   .            j - +0 pair of gloves
SInv    .            (no boots)
Will    .....        n - amulet of guardian spirit
Stlth   +            y - ring of protection from fire
HPRegen 0.29/turn    C - +4 ring of protection
MPRegen 0.14/turn

%: harm (+30% outgoing, +20% incoming), guardian spirit
@: no status effects
A: horns 2, retaliatory headbutt
a: no special abilities


You were on level 4 of the Dungeon.
You visited 1 branch of the dungeon, and saw 4 of its levels.

You collected 283 gold pieces.

Inventory:

Hand Weapons
 a - a +0 war axe
 o - a +0 hand axe of freezing (weapon)
 v - a +0 falchion
Missiles
 p - 2 javelins
 w - 4 poisoned darts
Armour
 b - a +0 scale mail
 c - a +0 buckler (worn)
 j - a +0 pair of gloves (worn)
 x - a scarf of harm (worn)
 D - the +3 leather armour of Raydihom (worn) {^Drain rC+ MP+9}
   (You found it on level 4 of the Dungeon)

   rC+:       It protects you from cold.
   MP+9:      It affects your magic capacity (+9).
   ^Drain:    It drains your maximum health when unequipped.
Jewellery
 n - an amulet of guardian spirit (around neck)
 y - a ring of protection from fire (left hand)
 C - a +4 ring of protection (right hand)
Scrolls
 e - 5 scrolls of identify {unknown}
 f - a scroll of enchant armour {unknown}
 g - a scroll of revelation {unknown}
 i - 2 scrolls of teleportation {unknown}
 k - a scroll of fear {unknown}
 m - a scroll of vulnerability {unknown}
 t - 4 scrolls of blinking {unknown}
 u - a scroll of noise {unknown}
 A - a scroll of fog {unknown}
 E - a scroll of immolation {unknown}
Potions
 d - 2 potions of might
 h - 2 potions of attraction {unknown}
 l - 2 potions of brilliance {unknown}
 q - 2 potions of heal wounds {unknown}
 r - a potion of cancellation {unknown}
 s - 3 potions of enlightenment {unknown}
 z - a potion of curing {unknown}
 B - 2 potions of berserk rage {unknown}


   Skills:
 + Level 5.0 Fighting
 + Level 5.4 Axes
 + Level 5.2 Armour
 + Level 1.2 Dodging
 + Level 0.1 Stealth
 + Level 4.5 Shields


You had 5 spell levels left.
You didn't know any spells.
Your spell library contained the following spells:

 Spells                   Type           Power      Damage    Failure   Level
 Necrotise                Necr           0%         1d4       58%         1
 Vampiric Draining        Necr           0%         2d6       91%         3
 Agony                    Necr           0%         N/A       100%        5


Dungeon Overview and Level Annotations

Branches:
Dungeon (4/15)
 Temple: D:4-7

Altars:
Elyvilon
Zin

Shops:
D:1 [   D:2 (


Innate Abilities, Weirdness & Mutations

You have a pair of horns on your head.
You reflexively headbutt those who attack you in melee.


Message History

You hit the dart slug. You freeze the dart slug.
You kill the dart slug!
No target in view!
You see here a dart slug corpse.
You open the door.
An endoplasm comes into view.
Found 7 gold pieces and a leather armour.
Found a stone staircase leading down.
There is an open door here.
The endoplasm quivers.
You block the endoplasm's attack.
You slash the endoplasm! You freeze the endoplasm.
You kill the endoplasm!
No target in view!
You now have 283 gold pieces (gained 7).
You open the door.
There is an open door here.
Found a stone staircase leading up.
There is a stone staircase leading up here.
q - 2 fizzy cyan potions (gained 1)
An ogre comes into view. It is wielding a +0 giant spiked club.
The ogre shouts!
An ogre is nearby!
An ogre comes into view. It is wielding a +0 giant spiked club.
The ogre shouts!
You hit the ogre. You freeze the ogre. Your headbutt misses the ogre.
The ogre is lightly wounded.
The ogre hits you with a +0 giant spiked club!!
You completely miss the ogre.
The ogre is lightly wounded.
The ogre hits you with a +0 giant spiked club!
You hit the ogre but do no damage. You headbutt the ogre!
The ogre is moderately wounded.
You hit the ogre. You freeze the ogre.
The ogre is heavily wounded.
You block the ogre's attack.
You hit the ogre. You freeze the ogre.
The ogre is severely wounded.
The ogre hits you with a +0 giant spiked club!!
You die...

#.##.##.# ##+#
##.##.##.#
##..##.##.#
####...##....#
#....#########
#.888# #....#
. #888.# ..
#.O@.# ..
#.888# .
#.O..# #888.#
#....# #.####
# #. . ## .#


You could see 2 ogres.

Vanquished Creatures
  A scorpion (D:4)
  4 orc priests
  2 orc wizards
  An iguana (D:4)
  2 adders
  2 dart slugs
  16 orcs
  3 ball pythons
  4 bats
  4 endoplasms
  5 giant cockroaches
  2 goblins
  7 hobgoblins
  2 jackals (D:4)
  6 kobolds
  2 quokkas
  3 frilled lizards (D:1)
  4 rats
70 creatures vanquished.

Notes
Turn   | Place    | Note
-------+----------+-------------------------------------------
     0 | D:1      | wildpjah the Minotaur Fighter began the quest for the Orb.
     0 | D:1      | Reached XP level 1. HP: 19/19 MP: 0/0
   157 | D:1      | Reached XP level 2. HP: 27/27 MP: 1/1
   429 | D:1      | Found Juifa's Armour Shoppe.
  1053 | D:2      | Found Wamoy's Antique Weapon Shoppe.
  1212 | D:2      | Reached XP level 3. HP: 33/33 MP: 2/2
  1219 | D:2      | Reached XP level 4. HP: 25/40 MP: 3/3
  2031 | D:3      | Found a white marble altar of Elyvilon.
  2178 | D:3      | Reached XP level 5. HP: 46/47 MP: 4/4
  2397 | D:3      | Found a glowing silver altar of Zin.
  2490 | D:3      | Reached skill level 5 in Armour
  2819 | D:4      | Reached skill level 5 in Axes
  2819 | D:4      | Reached skill level 1 in Dodging
  2819 | D:4      | Reached XP level 6. HP: 36/55 MP: 3/5
  2928 | D:4      | Reached skill level 5 in Fighting
  2963 | D:4      | Identified the +3 leather armour of Raydihom {^Drain rC+
                  | MP+9}
  3294 | D:4      | Slain by an ogre

Illustrated notes

Levels and vault maps discovered:
D:1:      amcnicky_arrival_wind_blow, layout_loops_ring, serial_shops,
          nicolae_shop_behind_doors
D:2:      layout_loops_corners, serial_forest, infiniplex_forest_end_2,
          infiniplex_forest_clump_C, infiniplex_forest_clump_cross,
          infiniplex_forest_lined_ring, infiniplex_forest_split,
          infiniplex_forest_clump_tiny, infiniplex_forest_lined_room_,
          infiniplex_forest_lined_3, infiniplex_forest_zigzag_1, serial_shops,
          shop
D:3:      layout_basic, zin_scriptorium, elyvilon_altar_4
D:4:      nicolae_cairo_tiling_large_dashed, layout_loops_corners,
          mainiacjoe_overflow_alcove_4, small_statue_alley_b,
          serial_bayou_lake_a

Skill      XL: |  1  2  3  4  5  6 |
---------------+-------------------+-----
Shields        | 4 |  4.5
Axes           | 3 4 5 |  5.4
Fighting       | 4 5 |  5.0
Armour         | 4 5 |  5.2
Dodging        | 1 |  1.2
Stealth        | |  0.1

Action                     |  1- 3 |  4- 6 || total
---------------------------+-------+-------++-------
  Melee: War axe           |    47 |       ||    47
         Headbutt          |     5 |    15 ||    20
         Hand axe          |    18 |   134 ||   152
 Armour: Scale mail        |    30 |    56 ||    86
         Leather armour    |       |     8 ||     8
  Dodge: Dodged            |    24 |    38 ||    62
  Block: Buckler           |    17 |    32 ||    49

Table legend: (Time is in decaauts)
 A = Elapsed time spent in this place.
 B = Non-inter-level travel time spent in this place.
 C = Inter-level travel time spent in this place.
 D = Time resting spent in this place.
 E = Time spent auto-exploring this place.
 F = Levels seen in this place.
 G = Mean time per level.
                   A        B        C        D        E       F      G
               +--------+--------+--------+--------+--------+-----+--------+
         Total |   3326 |   3221 |    105 |      0 |   2726 |   4 |  831.5 |
       Dungeon |   3326 |   3221 |    105 |      0 |   2726 |   4 |  831.5 |
               +--------+--------+--------+--------+--------+-----+--------+

Top non-repeatable levels by time:
     D:2: 1293 daAuts
     D:3: 755 daAuts
     D:1: 746 daAuts
     D:4: 531 daAuts
